Map: Shrines of Lizul

Players

OpuS - Winner!

  • Race: Protoss Protoss
  • League: Diamond
  • Spawn Location: 3:00

Sketchaphone - Winner!

  • Race: Zerg Zerg
  • League: Gold
  • Spawn Location: 12:00

LinGliFe

  • Race: Zerg Zerg
  • League: Diamond
  • Spawn Location: 6:00

Abbotsford

  • Race: Protoss Protoss
  • Spawn Location: 9:00

VOD

Have the link to the VOD?

Description

Time

  • Played on: Jan. 21, 2019, 6:35 p.m.
  • Length: 8:19
Show
View Real Time Build Order
Export as new Build Order

OpuS Protoss - Winner!

Build Orders:  

Get SALT Encoding   

  12  0:02  Probe  
  13  0:14  Probe  
  14  0:21  Pylon  
  14  0:32  Probe  
  15  0:40  Probe  
  15  0:43  Pylon  
  16  0:52  Probe  
  17  1:03  Gateway  
  17  1:05  Gateway  
  18  1:16  Gateway  
  17  1:51  Zealot  
  17  1:52  Zealot  
  21  1:55  Cybernetics Core  
  21  1:56  Zealot  
  21  2:00  Assimilator  
  21  2:05  Probe  
  23  2:13  Probe  
  24  2:18  Zealot  
  24  2:19  Zealot  
  29  2:29  Zealot  
  29  2:58  Pylon  
  29  3:21  Probe  
  24  3:29  Zealot  
  24  3:31  Zealot x2  
  24  3:33  Probe  
  31  3:37  Assimilator  
  31  3:45  Probe  
  30  3:53  Probe  
  28  4:01  Probe  
  29  4:07  Warp Gate  
  30  4:12  Probe  
  31  4:21  Stargate  
  31  4:39  Probe  
  31  4:42  Pylon  
  30  4:51  Probe  
  35  5:00  Pylon  
  35  5:03  Probe  
  38  5:13  Pylon  
  37  5:39  Nexus  
  37  5:44  Pylon  
  37  5:47  Void Ray  
  35  6:17  Gateway  
  35  6:28  Void Ray  
  39  6:48  Pylon  
  39  6:50  Pylon  
  39  6:52  Zealot x2  
  39  6:53  Zealot  
  39  7:01  Probe  
  39  7:02  Probe  
  39  7:08  Stargate  
  41  7:10  Void Ray  
  45  7:28  Zealot x4  
  53  7:41  Probe x2  
  55  8:03  Probe x2  
  57  8:13  Zealot x2  
Show
View Real Time Build Order
Export as new Build Order

Sketchaphone Zerg - Winner!

Build Orders: Pool First 

Get SALT Encoding   

  12  0:19  Spawning Pool  
  11  0:23  Drone  
  11  0:27  Drone  
  13  0:33  Extractor  
  12  0:39  Drone  
  12  0:41  Drone  
  14  0:48  Overlord  
  14  1:07  Drone x2  
  16  1:20  Zergling x2  
  16  1:24  Queen  
  19  1:27  Drone  
  20  1:37  Metabolic Boost  
  20  1:39  Zergling x2  
  21  1:48  Overlord  
  21  2:02  Zergling x2  
  22  2:14  Zergling x2  
  22  2:22  Hatchery  
  21  2:32  Zergling x2  
  21  2:34  Spine Crawler  
  21  2:38  Zergling x2  
  21  2:39  Zergling x4  
  24  2:51  Zergling x4  
  25  3:13  Drone  
  25  3:14  Zergling x6  
  23  3:31  Zergling x2  
  23  3:32  Zergling x2  
  24  3:36  Drone  
  22  4:12  Zergling x16  
  30  4:21  Roach Warren  
  29  4:26  Evolution Chamber  
  26  4:39  Hatchery  
  26  4:41  Drone x2  
  26  4:42  Drone  
  26  4:43  Drone  
  30  4:45  Drone x2  
  31  5:07  Roach  
  31  5:08  Roach  
  31  5:10  Overlord, Drone  
  34  5:29  Drone x6  
  34  5:57  Roach x6  
  38  6:00  Zerg Ground Armor Level 1  
  46  6:11  Roach  
  46  6:12  Roach  
  46  6:13  Overlord  
  50  6:22  Lair  
  50  6:25  Overlord  
  50  6:26  Overlord  
  50  6:39  Zergling x12  
  56  6:41  Drone  
  57  6:56  Zergling x12  
  61  7:12  Roach x2  
  55  7:46  Zergling x18  
  64  7:59  Drone x2  
  64  8:04  Extractor  
  65  8:05  Spire  
  65  8:06  Drone, Extractor  
  65  8:07  Extractor  
Show
View Real Time Build Order
Export as new Build Order

LinGliFe Zerg 

Build Orders: Pool First 

Get SALT Encoding   

  12  0:03  Drone  
  13  0:14  Overlord  
  13  0:19  Drone  
  14  0:24  Extractor  
  14  0:27  Drone  
  14  0:34  Drone  
  16  0:39  Drone  
  17  0:50  Spawning Pool  
  17  0:52  Extractor  
  17  0:55  Drone  
  16  1:07  Drone  
  17  1:22  Hatchery  
  16  1:26  Drone  
  17  1:41  Zergling x4  
  17  1:43  Zergling x2  
  20  1:51  Queen  
  22  2:11  Metabolic Boost  
  22  2:14  Baneling Nest  
  21  2:17  Zergling x2  
  22  2:27  Overlord  
  22  2:40  Zergling x2  
  22  2:41  Zergling x6  
  25  2:56  Zergling x4  
  25  2:58  Queen  
  26  3:05  Baneling x2  
  26  3:06  Baneling x4  
  26  3:10  Zergling x2  
  14  3:28  Zergling x2  
  11  3:56  Baneling  
  11  4:00  Drone  
  12  4:06  Drone  
  13  4:18  Drone x2  
  15  4:32  Zergling x4  
  15  4:33  Zergling x2  
  17  4:40  Zergling x2  
  18  4:47  Zergling x2  
  18  4:48  Zergling x2  
  20  4:53  Zergling x2  
  18  5:27  Zergling x12  
  18  5:28  Zergling x2  
  17  5:35  Zergling x2  
Show
View Real Time Build Order
Export as new Build Order

Abbotsford Protoss 

Build Orders:  

Get SALT Encoding   

  1  0:00  Probe  
  13  0:07  Probe  
  14  0:16  Probe  
  15  0:25  Pylon  
  15  0:34  Assimilator  
  15  0:43  Probe  
  16  0:53  Gateway  
  16  0:59  Probe  
  17  1:11  Probe  
  18  1:25  Probe  
  19  1:37  Probe  
  20  1:41  Cybernetics Core  
  20  1:44  Forge  
  20  1:49  Pylon  
  20  1:53  Assimilator  
  20  2:04  Nexus, Zealot  
  22  2:25  Photon Cannon  
  22  2:29  Probe  
  22  2:31  Warp Gate  
  22  2:36  Zealot  
  24  2:53  Pylon  
  24  2:59  Robotics Facility  
  24  3:03  Probe  
  23  3:13  Zealot  
  23  3:15  Probe  
  26  3:26  Photon Cannon  
  26  3:31  Zealot  
  26  3:49  Gateway  
  23  3:57  Zealot  
  18  4:42  Pylon  
    5:01  Probe  
    5:07  Probe  
  1  5:09  Probe  
  3  5:15  Probe  
  3  5:21  Probe  
  4  5:22  Pylon  
  5  5:32  Probe  
  5  5:33  Probe  
  7  5:48  Sentry  
  9  5:55  Sentry  
  11  6:12  Sentry  
  13  6:19  Sentry  
  15  6:35  Sentry  
  17  6:49  Sentry  
  19  7:02  Probe  
  19  7:03  Probe  
  21  7:10  Probe  
  21  7:11  Probe  
  21  7:42  Zealot  
  21  7:43  Zealot  
Tags
 
Add a new tag
Caveats
  • Supply blocks, unpowered buildings, or Contaminate may cause inaccurate times.
  • Supply counts are checked every 10 seconds.